 Dungeon Crawl Stone Soup version 0.28.0 (webtiles) character file.

Game seed: 12179669705449503234

16144 bande the Cleaver (level 12, -2/73 HPs)
             Began as a Gargoyle Fighter on Feb 11, 2022.
             Was a High Priest of Okawaru.
             Slain by a sun demon (9 damage)
             ... in a volcano.
             The game lasted 00:30:25 (16924 turns).

bande the Cleaver (Gargoyle Fighter)               Turns: 16924, Time: 00:30:25

Health: -2/73      AC: 30    Str: 19    XL:     12   Next: 34%
Magic:  17/17      EV:  3    Int:  8    God:    Okawaru [*****.]
Gold:   594        SH: 20    Dex: 13    Spells: 11/11 levels left

rFire   + . .      SeeInvis .   n - +5 broad axe (vorpal)
rCold   . . .      Faith    .   I - +0 tower shield
rNeg    + + .      Spirit   .   C - +0 plate armour
rPois   ∞          Reflect  +   h - +1 helmet
rElec   +          Harm     .   (no cloak)
rCorr   .          Rampage  .   l - +0 pair of gloves
Will    .....                   (no boots)
Stlth   ..........              s - amulet of reflection
HPRegen 0.22/turn               b - ring of Iddesmaz {rF+ rN+ Str-3 Slay+2}
MPRegen 0.15/turn               v - +4 ring of protection

@: no status effects
A: sickness immunity, AC +8, negative energy resistance 1, electricity
resistance, torment resistance 1, petrification resistance
a: Renounce Religion, Heroism, Finesse, Duel


You were in a volcano.
You worshipped Okawaru.
Okawaru was extremely pleased with you.
You visited 3 branches of the dungeon, and saw 15 of its levels.
You also visited: Volcano.

You collected 870 gold pieces.
You spent 276 gold pieces at shops.

Inventory:

Hand Weapons
 a - a +0 war axe
 m - a +0 flail
 n - a +5 vorpal broad axe (weapon)
Armour
 h - a +1 helmet (worn)
 l - a +0 pair of gloves (worn)
 C - a +0 plate armour (worn)
 I - a +0 tower shield (worn)
Jewellery
 b - the ring of Iddesmaz (left hand) {rF+ rN+ Str-3 Slay+2}
   (You bought it in a shop on level 1 of the Dungeon)

   [ring of positive energy]

   Str:       It affects your strength (-3).
   Slay:      It affects your accuracy & damage with ranged weapons and melee
   (+2).
   rF:        It protects you from fire.
   rN:        It protects you from negative energy.
 o - an amulet of magic regeneration
 s - an amulet of reflection (around neck)
 v - a +4 ring of protection (right hand)
 B - an amulet of faith
Wands
 q - a wand of flame (29)
 w - a wand of acid (20)
 x - a wand of digging (5)
 z - a wand of paralysis (3)
 G - a wand of iceblast (3)
Scrolls
 c - a scroll of identify
 f - 9 scrolls of teleportation
 g - a scroll of enchant armour
 i - 2 scrolls of blinking
 y - 2 scrolls of silence
 H - a scroll of fear
Potions
 d - a potion of might
 e - 3 potions of cancellation
 j - 2 potions of magic
 k - a potion of resistance
 p - 2 potions of heal wounds
 r - a potion of ambrosia
 t - 2 potions of brilliance
 A - 2 potions of flight
 D - a potion of mutation
 E - a potion of invisibility
 F - 5 potions of curing


   Skills:
 + Level 7.8 Fighting
 + Level 11.2 Axes
 + Level 9.3 Armour
 + Level 8.5 Shields
 * Level 7.0 Invocations
 * Level 6.7 Evocations


You had 11 spell levels left.
You didn't know any spells.
Your spell library contained the following spells:

 Spells                   Type           Power      Damage    Failure   Level
 Shock                    Conj/Air       0%         1d3       100%        1
 Corpse Rot               Necr/Air       0%         N/A       100%        2
 Poisonous Vapours        Pois/Air       0%         N/A       100%        2
 Static Discharge         Conj/Air       0%         N/A       100%        2
 Frozen Ramparts          Ice            0%         1d2       100%        3
 Gell's Gravitas          Tloc           0%         N/A       100%        3
 Ignite Poison            Fire/Tmut/Pois 0%         N/A       100%        3
 Lesser Beckoning         Tloc           0%         N/A       100%        3
 Mephitic Cloud           Conj/Pois/Air  0%         N/A       100%        3
 Stone Arrow              Conj/Erth      0%         3d7       100%        3
 Swiftness                Air            0%         N/A       100%        3
 Teleport Other           Tloc           0%         N/A       100%        3
 Airstrike                Air            0%         N/A       100%        4
 Cause Fear               Hex            0%         N/A       100%        4
 Ice Form                 Ice/Tmut       0%         N/A       100%        4
 Freezing Cloud           Conj/Ice/Air   0%         6-21      100%        5
 Lightning Bolt           Conj/Air       0%         1d11      100%        5
 Dragon Form              Tmut           0%         N/A       100%        7
 Lehudib's Crystal Spear  Conj/Erth      0%         10d2      100%        8
 Maxwell's Capacitive Co  Air            0%         ∞         100%        8
 Animate Armour           Summ/Erth      Unusable   N/A       N/A         4
 Summon Ice Beast         Ice/Summ       Unusable   N/A       N/A         4
 Dragon's Call            Summ           Unusable   N/A       N/A         9

Dungeon Overview and Level Annotations

Branches:
Dungeon (12/15)            Temple (1/1) D:6            Lair (2/6) D:11
 Spider (0/4) Lair:2          Orc (0/2) D:9         Volcano (1/1)
  Swamp: Lair:2-4    Shoals: Lair:2-4

Altars:
Ashenzari
Dithmenos
Elyvilon
Fedhas
Gozag
Hepliaklqana
Kikubaaqudgha
Makhleb
Nemelex Xobeh
Okawaru
Qazlal
Ru
Sif Muna
Trog
Uskayaw
Vehumet
Wu Jian
Yredelemnul
The Shining One
Beogh

Shops:
D:1 *   D:7 :   D:11 *

Annotations:
Lair:1 exclusion: oklob plant


Innate Abilities, Weirdness & Mutations

You are immune to sickness and miasma.
Your stone body is resilient. (AC +8)
You are immune to poison.
You resist negative energy. (rN+)
You are resistant to electric shocks. (rElec)
You are resistant to unholy torment.
You are immune to petrification.


Message History

You barely miss the sun demon.
The sun demon is lightly wounded.
You block the sun demon's attack.
You slash the sun demon!
The sun demon is heavily wounded.
You block the sun demon's attack. The sun demon hits you!
You are engulfed in flames.
You resist.
You hit the sun demon.
The sun demon is heavily wounded.
The sun demon hits you but does no damage.
You slash the sun demon!
The sun demon is severely wounded.
You block the sun demon's attack. x2
You closely miss the sun demon.
The sun demon is severely wounded.
The air gets thick with the scent of sulphur.
You block the sun demon's attack. The sun demon hits you!
You are engulfed in flames!
You resist.
You hit the sun demon.
The sun demon is severely wounded.
The sun demon hits you.
You are engulfed in flames!
You resist.
You closely miss the sun demon.
The sun demon is severely wounded.
You block the sun demon's attack.
The sun demon hits you but does no damage.
You barely miss the sun demon.
The sun demon is severely wounded.
In the distance, the volcano erupts with a roar.
The sun demon hits you!
You are engulfed in flames!
You resist.
* * * LOW HITPOINT WARNING * * *
You block the sun demon's attack.
You miss the sun demon.
The sun demon is severely wounded.
You block the sun demon's attack.
You hit the sun demon.
The sun demon is almost dead.
The sun demon hits you!
* * * LOW HITPOINT WARNING * * *
You are engulfed in flames!
You resist.
You die...

... #'# ##### #.#
#...## ##.#####...##
#8.8##......##
#...##..≈≈...##
##).....≈§≈≈.§.#
#3.....≈≈§§§§..##
#@...≈≈≈≈§§≈§≈..##
###.†≈≈§§§≈§§§§§§§.#
#...≈§≈§≈§§§≈≈≈≈≈...
#..§≈≈≈§§≈≈§≈≈≈§≈≈..
##.§≈≈≈≈≈≈≈§≈≈≈≈≈§§§
#.§≈≈§≈§§≈§≈≈≈§≈≈§§
#§≈≈≈≈≈≈§≈≈§§§§§≈≈≈
#.≈≈≈≈§≈≈≈≈≈§≈§§§§≈
##.≈≈§≈≈§§≈§≈§§≈≈§§


You could see a sun demon.

Vanquished Creatures
  Josephine (D:10)
  A hydra (Lair:2)
  Nergalle (Lair:1)
  An ugly thing (Volcano)
  Maggie (D:7)
  A gargoyle (D:10)
  A cane toad (Lair:1)
  A rime drake (Lair:1)
  An unseen horror (D:11)
  A komodo dragon (D:11)
  2 trolls
  2 red devils (Volcano)
  A hornet (D:9)
  A blink frog (shapeshifter) (D:11)
  Grinder (D:5)
  5 dream sheep (Lair:1)
  2 shadows
  3 wraiths (D:9)
  15 yaks
  A basilisk (D:8)
  9 fire bats
  3 vampire mosquitoes (D:11)
  2 steam dragons (D:6)
  An acid dragon (D:11)
  4 water moccasins
  2 hell hounds (Volcano)
  2 orc warriors
  4 ice beasts
  5 black bears
  3 necrophages
  An ogre (D:6)
  3 centaurs
  The ghost of Exaltedone87 the Slasher, an amateur DsGl (D:4)
  4 wolves (Lair:1)
  Blork the orc (D:4)
  2 bullfrogs
  3 scorpions
  A gnoll sergeant (D:11)
  A water moccasin skeleton (D:5)
  A howler monkey (D:4)
  4 electric eels
  8 lava snakes
  A bullfrog zombie (D:5)
  3 centaur zombies
  A bullfrog skeleton (D:5)
  3 jellies
  2 orc priests
  A gnoll shaman (D:7)
  2 iguanas (D:5)
  Terence (D:3)
  5 orc wizards
  A killer bee zombie (D:8)
  2 howler monkey zombies (D:9)
  14 gnolls
  6 adders
  3 white imps
  An ufetubus (D:6)
  4 worms
  6 dart slugs
  25 orcs
  8 ball pythons
  6 bats
  8 endoplasms
  A giant cockroach (D:3)
  11 goblins
  11 hobgoblins
  6 jackals
  2 quokkas
  A frilled lizard (D:3)
  4 kobolds (D:1)
  A rat (D:1)
  A butterfly (Lair:1)
249 creatures vanquished.

Vanquished Creatures (others)
  23 fungi
  25 plants
  5 toadstools (D:3)
53 creatures vanquished.

Grand Total: 302 creatures vanquished

Notes
Turn   | Place    | Note
-------+----------+-------------------------------------------
     0 | D:1      | bande the Gargoyle Fighter began the quest for the Orb.
     0 | D:1      | Reached XP level 1. HP: 14/14 MP: 1/1
   114 | D:1      | Reached XP level 2. HP: 18/19 MP: 2/2
   292 | D:1      | Reached skill level 2 in Axes
   668 | D:1      | Reached XP level 3. HP: 20/24 MP: 3/3
  1047 | D:1      | Found Katipsirchel's Assorted Antiques.
  1608 | D:2      | Reached XP level 4. HP: 21/29 MP: 4/4
  1712 | D:2      | Found a faded altar of an unknown god.
  1791 | D:2      | Reached skill level 3 in Axes
  1859 | D:3      | Found a sparkling altar of Nemelex Xobeh.
  2324 | D:3      | Reached XP level 5. HP: 33/33 MP: 5/5
  2861 | D:3      | Noticed Terence
  2864 | D:3      | Found a basalt altar of Yredelemnul.
  2871 | D:3      | Killed Terence
  3071 | D:3      | Found a radiant altar of Vehumet.
  3308 | D:4      | Reached skill level 4 in Axes
  3471 | D:4      | Reached XP level 6. HP: 9/38 MP: 6/6
  3823 | D:4      | Noticed Blork the orc
  3841 | D:4      | Killed Blork the orc
  4677 | D:4      | Noticed a necrophage
  4945 | D:4      | Found a large runed translucent door.
  4945 | D:4      | Found a large runed translucent door.
  4948 | D:4      | Noticed Exaltedone87's ghost (amateur DsGl)
  5044 | D:4      | Found a white marble altar of Elyvilon.
  5125 | D:4      | Killed a necrophage
  5126 | D:4      | Reached skill level 5 in Axes
  5126 | D:4      | Reached XP level 7. HP: 32/44 MP: 7/7
  5416 | D:4      | Reached skill level 5 in Armour
  5769 | D:4      | Killed Exaltedone87's ghost
  6144 | D:1      | Bought a fine brass ring for 115 gold pieces
  6144 | D:1      | Identified the ring of Iddesmaz {rF+ rN+ Str-3 Slay+2} (You
                  | bought it in a shop on level 1 of the Dungeon)
  6144 | D:1      | Bought a runed broad axe for 161 gold pieces
  6184 | D:5      | Entered Level 5 of the Dungeon
  6470 | D:5      | Reached skill level 6 in Axes
  6470 | D:5      | Reached skill level 1 in Evocations
  6470 | D:5      | Reached XP level 8. HP: 48/48 MP: 8/8
  6491 | D:5      | Noticed Grinder
  6502 | D:5      | Killed Grinder
  6503 | D:5      | Reached skill level 5 in Fighting
  6557 | D:5      | Found a sacrificial altar of Ru.
  6883 | D:6      | Reached skill level 7 in Axes
  7572 | D:6      | Reached XP level 9. HP: 52/54 MP: 9/9
  7794 | D:6      | Found a staircase to the Ecumenical Temple.
  7801 | Temple   | Entered the Ecumenical Temple
  7821 | Temple   | Became a worshipper of Warmaster Okawaru
  7945 | D:6      | Identified the +9 trident of Jauppos {elec, Dex+3}
  8133 | D:6      | Reached skill level 1 in Invocations
  8270 | D:6      | Reached skill level 8 in Axes
  8431 | D:7      | Reached skill level 5 in Shields
  8444 | D:7      | Noticed Maggie
  8454 | D:7      | Killed Maggie
  8454 | D:7      | Reached * piety under Okawaru
  8669 | D:7      | Found Koon's Book Shoppe.
  8681 | D:7      | Found an ornate altar of the Wu Jian Council.
  8690 | D:7      | Found a broken altar of Ashenzari.
  8919 | D:7      | Found a shadowy altar of Dithmenos.
  8930 | D:7      | Reached XP level 10. HP: 30/60 MP: 10/12
  9713 | D:8      | You fall into a shaft and drop 1 floor!
 10392 | D:9      | Reached skill level 9 in Axes
 10479 | D:9      | Found a hazy altar of Hepliaklqana.
 10553 | D:9      | Found an opulent altar of Gozag.
 10588 | D:9      | Found a staircase to the Orcish Mines.
 10674 | D:9      | Reached ** piety under Okawaru
 10738 | D:9      | Found a burning altar of Makhleb.
 10869 | D:10     | Entered Level 10 of the Dungeon
 11027 | D:10     | Noticed Josephine
 11189 | D:10     | Killed Josephine
 11189 | D:10     | Reached *** piety under Okawaru
 11314 | D:10     | Noticed a gargoyle
 11321 | D:10     | Killed a gargoyle
 11322 | D:10     | Reached skill level 5 in Evocations
 11913 | D:11     | Reached **** piety under Okawaru
 12008 | D:11     | Reached XP level 11. HP: 46/66 MP: 14/14
 12356 | D:11     | Reached skill level 10 in Axes
 12356 | D:11     | Reached skill level 5 in Invocations
 12518 | D:11     | Found Asiabbuuc's Assorted Antiques.
 13019 | D:11     | Found a staircase to the Lair.
 13844 | Lair:1   | Entered Level 1 of the Lair of Beasts
 13867 | Lair:1   | Reached ***** piety under Okawaru
 13941 | Lair:1   | Identified the +2 robe of Rotation {*Slow rN++ Dex+6}
                  | (Okawaru gifted it to you on level 1 of the Lair of Beasts)
 13941 | Lair:1   | Received a gift from Okawaru
 15178 | Lair:1   | Noticed Nergalle
 15191 | Lair:1   | Killed Nergalle
 15942 | Lair:1   | Reached XP level 12. HP: 59/72 MP: 16/16
 16092 | Lair:2   | Found a hole to the Spider Nest.
 16194 | Lair:2   | Noticed an eight-headed hydra
 16210 | Lair:2   | Killed an eight-headed hydra
 16211 | Lair:2   | Reached skill level 11 in Axes
 16455 | Lair:2   | Found a dark tunnel.
 16464 | Volcano  | Entered a volcano
 16902 | Volcano  | Noticed a sun demon
 16924 | Volcano  | Slain by a sun demon

Illustrated notes

Levels and vault maps discovered:
D:1:      minmay_arrival_four_houses, layout_loops_ring, serial_shops,
          nicolae_shop_stone, minmay_3d_cube
D:2:      layout_basic, dreamdust_ecumenical_altar_angels_and_demons,
          grunt_ministairs_9
D:3:      layout_basic, mainiacjoe_overflow_catwalk,
          mainiacjoe_overflow_surrounded_room, old_standard_altar,
          minmay_gold_behind_fungi, kennysheep_generic_room_2, uniq_terence
D:4:      layout_loops_ring, kennysheep_mini, ebering_ghost_disaster_area,
          kennysheep_flooded_box, kennysheep_orc_chapel, uniq_blork_the_orc
D:5:      layout_basic, kennysheep_mini_moat, uniq_grinder
D:6:      kennysheep_steamy, layout_cave_pods, minmay_temple_entry_waves,
          hangedman_decor_clover_reticule
D:7:      layout_basic, mainiacjoe_overflow_concentric_impassable,
          nicolae_wu_jian_wuxing_cycle, evilmike_ruin_ashenzari, enter_bailey_7,
          serial_shops, nicolae_shop_trees, uniq_maggie
D:8:      layout_basic, disabler_island
D:9:      layout_rooms, lemuel_crystal_altar, lightli_temple_of_fire,
          grunt_gozag_breadcrumbs, orc_0_dummy, serial_bayou_pond_c
D:10:     layout_irregular_city, uniq_josephine
D:11:     layout_stronghold, grunt_lair_entry_orc_guard_hut, serial_shops, shop
D:12:     layout_basic, minmay_misc_feat_four_crosses
Temple:   chequers_temple_sunken
Lair:1:   dpeg_oklob_gauntlet, layout_hall_layers, nicolae_lair_liquid_snakes,
          lemuel_fruit_fields, uniq_nergalle
Lair:2:   layout_long_grid, spider_nest_entry_a, nicolae_volcano_entry_batcave,
          chequers_serial_rivers_small_3
Volcano:  volcano_grotto [vgs_dualism]

Skill      XL: |  1  2  3  4  5  6  7  8  9 10 11 12 |
---------------+-------------------------------------+-----
Axes           | 2 3 4 5 6 7 8 9 10 11 | 11.2
Fighting       | 4 5 6 7 |  7.8
Armour         | 4 5 6 7 8 9 |  9.3
Shields        | 4 5 6 7 8 |  8.5
Evocations     | 1 3 4 5 6 |  6.7
Invocations    | 2 4 6 7 |  7.0

Action                   |  1- 3 |  4- 6 |  7- 9 | 10-12 || total
-------------------------+-------+-------+-------+-------++-------
Melee: War axe           |   133 |   170 |    37 |       ||   340
       Broad axe         |       |       |   133 |   374 ||   507
       Flail             |       |       |       |     9 ||     9
Invok: Heroism           |       |       |       |     1 ||     1
  Use: Scroll            |     3 |     3 |    10 |     8 ||    24
       Potion            |       |     1 |       |       ||     1
Armor: Scale mail        |    30 |       |       |       ||    30
       Chain mail        |    64 |   111 |   110 |    30 ||   315
       Plate armour      |       |       |       |   328 ||   328
Dodge: Dodged            |    60 |    35 |    51 |    55 ||   201
Block: Buckler           |    26 |    38 |    79 |    48 ||   191
       Reflection        |       |       |     3 |    13 ||    16
       Tower shield      |       |       |       |   419 ||   419
